 Dungeon Crawl Stone Soup version 0.30.1-11-g7821555f0a (webtiles) character file.

Game seed: 17372287997717757320

18785 Amplified the Blocker (level 12, -10/97 HPs)
             Began as a Gnoll Fighter on Nov 8, 2023.
             Was a Priest of Okawaru.
             Mangled by a boulder beetle (46 damage)
             ... on level 12 of the Dungeon.
             The game lasted 00:18:38 (12814 turns).

Amplified the Blocker (Gnoll Fighter)              Turns: 12814, Time: 00:18:38

Health: -10/97     AC: 10    Str: 15    XL:     12   Next: 62%
Magic:  23/23      EV: 19    Int: 14    God:    Okawaru [***...]
Gold:   358        SH: 11    Dex: 14    Spells: 14/26 levels left

rFire   + . .        m - +10 dagger "Kozociuth" {flame, Fragile rElec Int+3}
rCold   + . .        r - +0 kite shield
rNeg    . . .        E - +2 robe {Will+}
rPois   .            I - +2 helmet
rElec   +            k - scarf {rC+ rF+}
rCorr   .            (no gloves)
SInv    .            s - +1 pair of boots
Will    ++...        (no amulet)
Stlth   ++++         q - ring of willpower
HPRegen 0.36/turn    d - +5 ring of evasion
MPRegen 0.18/turn

%: no passive effects
@: no status effects
A: fangs 1, strong nose, distributed training
a: Renounce Religion, Heroism


You were on level 12 of the Dungeon.
You worshipped Okawaru.
Okawaru was most pleased with you.
You visited 1 branch of the dungeon, and saw 12 of its levels.
You also visited: Sewer and Bailey.

You collected 729 gold pieces.
You spent 371 gold pieces at shops.

Inventory:

Hand Weapons
 m - the +10 dagger "Kozociuth" (weapon) {flame, Fragile rElec Int+3}
   (You found it on level 4 of the Dungeon)

   Int:       It affects your intelligence (+3).
   rElec:     It insulates you from electricity.
   Fragile:   It will be destroyed if unequipped.
 J - a +0 broad axe of venom
Missiles
 M - a throwing net (quivered)
 Q - 10 poisoned darts
Armour
 k - a scarf of resistance (worn)
 r - a +0 kite shield (worn)
 s - a +1 pair of boots (worn)
 C - a +2 robe of positive energy
 E - a +2 robe of willpower (worn)
 I - a +2 helmet (worn)
Jewellery
 d - a +5 ring of evasion (right hand)
 q - a ring of willpower (left hand)
Wands
 n - a wand of flame (22)
 t - a wand of roots (11)
 y - a wand of digging (3)
 K - a wand of charming (14)
 O - a wand of quicksilver (2)
Scrolls
 e - 2 scrolls of fog
 g - 4 scrolls of vulnerability
 h - 2 scrolls of immolation
 j - 2 scrolls of noise
 p - 3 scrolls of poison
 w - 5 scrolls of fear
 z - a scroll of magic mapping
 L - 3 scrolls of teleportation
 N - 2 scrolls of identify
 S - a scroll of blinking
 U - a scroll of enchant weapon
Potions
 b - 2 potions of might
 f - 2 potions of brilliance
 i - 3 potions of curing
 o - 2 potions of resistance
 v - a potion of mutation
 x - 3 potions of lignification
 A - a potion of attraction {unknown}
 B - 3 potions of flight {unknown}
 D - 5 potions of magic {unknown}
 G - a potion of haste
 H - a potion of invisibility {unknown}
Miscellaneous
 a - a phantom mirror


   Skills:
 + Level 10.2 Fighting
 + Level 7.8 Short Blades
 + Level 7.8 Long Blades
 + Level 9.1 Axes
 + Level 7.8 Maces & Flails
 + Level 7.8 Polearms
 + Level 7.8 Staves
 + Level 7.8 Ranged Weapons
 + Level 7.8 Throwing
 + Level 10.2 Armour
 + Level 7.8 Dodging
 + Level 7.8 Stealth
 + Level 10.2 Shields
 + Level 7.8 Unarmed Combat
 + Level 7.8 Spellcasting
 + Level 6.4 Conjurations
 + Level 6.4 Hexes
 + Level 6.4 Summonings
 + Level 6.4 Necromancy
 + Level 6.4 Translocations
 + Level 6.4 Transmutations
 + Level 6.4 Fire Magic
 + Level 6.4 Ice Magic
 + Level 6.4 Air Magic
 + Level 6.4 Earth Magic
 + Level 6.4 Poison Magic
 + Level 8.5 Invocations
 + Level 7.8 Evocations


You had 14 spell levels left.
You knew the following spells:

 Your Spells              Type           Power      Damage    Failure   Level
a - Passwall              Tmut/Erth      19%        N/A       3%          2
b - Dispel Undead         Necr           23%        3d12      21%         4
c - Mephitic Cloud        Conj/Pois/Air  23%        N/A       6%          3
d - Ignite Poison         Fire/Tmut/Pois 23%        N/A       6%          3

Your spell library contained the following spells:

 Spells                   Type           Power      Damage    Failure   Level
 Apportation              Tloc           46%        N/A       1%          1
 Kiss of Death            Conj/Necr      92%        2d12      1%          1
 Sandblast                Erth           46%        2d11      1%          1
 Poisonous Vapours        Pois/Air       46%        N/A       3%          2
 Sublimation of Blood     Necr           23%        N/A       3%          2
 Wereblood                Tmut           23%        N/A       3%          2
 Confusing Touch          Hex            23%        N/A       6%          3
 Stone Arrow              Conj/Erth      46%        3d9       6%          3
 Olgreb's Toxic Radiance  Pois           23%        N/A       21%         4
 Alistair's Intoxication  Tmut/Pois      15%        N/A       50%         5
 Blade Hands              Tmut           11%        N/A       50%         5
 Freezing Cloud           Conj/Ice/Air   11%        6-21      50%         5
 Iron Shot                Conj/Erth      11%        9d3       97%         6
 Discord                  Hex            11%        N/A       100%        8
 Ignition                 Fire           11%        3d5       100%        8
 Animate Armour           Summ/Erth      Unusable   N/A       N/A         4

Dungeon Overview and Level Annotations

Branches:
Dungeon (12/15)            Temple (0/1) D:7            Lair (0/5) D:8
    Orc (0/2) D:10          Sewer (visited)          Bailey (visited)

Altars:
Nemelex Xobeh
Okawaru
Ru
Sif Muna
Vehumet
Wu Jian
Xom
Yredelemnul
Zin

Shops:
D:1 =   D:3 ?   D:7 *

Annotations:
D:8 Grum, Prince Ribbit
D:10 1 runed translucent door, kskgo's ghost, journeyman DsBe


Innate Abilities, Weirdness & Mutations

You have very sharp teeth.
Your uncanny sense of smell can sniff out nearby items.
Your experience applies equally to all skills.


Message History

The boulder beetle closely misses you.
You hit the boulder beetle but do no damage.
The boulder beetle is severely wounded.
The boulder beetle bites you but does no damage.
You hit the boulder beetle but do no damage.
You bite the boulder beetle, but do no damage.
The boulder beetle is severely wounded.
You hit the boulder beetle but do no damage.
You bite the boulder beetle, but do no damage.
The boulder beetle is severely wounded.
The boulder beetle bites you!!
You are too injured to fight recklessly!
You are too injured to fight recklessly!
You are too injured to fight recklessly!
You are too injured to fight recklessly!
Okay, then.
Throw: throwing net
Press: ? - help, Q - select action, (/) - cycle Shift-Dir - straight line, f - boulder beetle
Aim: a boulder beetle (severely wounded, 91% to hit)
You throw a throwing net.
The throwing net hits the boulder beetle.
The boulder beetle is caught in the net!
The boulder beetle is severely wounded.
The boulder beetle struggles against the net.
Unknown command.
You hit the boulder beetle but do no damage.
You bite the boulder beetle, but do no damage.
The boulder beetle is severely wounded.
The boulder beetle leaps!
Unknown command.
You see here a throwing net.
M - a throwing net The boulder beetle curls into a ball and begins rolling!
Aiming: Quicksilver Bolt
Press: ? - help, Shift-Dir - straight line, f/p - boulder beetle
Aim: a boulder beetle (severely wounded, rolling, 100% to hit)
The bolt of dispelling energy hits the boulder beetle.
The boulder beetle is almost dead.
The boulder beetle hits you!!!
You die...

.# ......# .# #......#
.# +......# .# #?.....#
.# #.°.##.#
.############+##°.....##
................○.......
##..............B....#
#..............@....#
#..######...........#
#..# #...........# #..#
#...........# #..#
#...........# #..#
#.............. #..#
#..............
#..............
...............


You could see a boulder beetle (rolling).

Vanquished Creatures
  Fannar (D:10)
  Erolcha (D:11)
  A boulder beetle (D:11)
  Erica (D:11)
  3 two-headed ogres (D:11)
  Pikel (D:6)
  A deep elf zephyrmancer (D:11)
  2 orc knights (Bailey)
  Maurice (D:11)
  A gargoyle (D:10)
  A kobold demonologist (D:6)
  2 trolls (D:10)
  2 hornets
  A wyvern (D:10)
  A shadow (D:11)
  A wraith (D:11)
  A steam dragon (D:10)
  3 vampire mosquitoes (D:10)
  An acid dragon (D:9)
  2 water moccasins
  14 orc warriors
  3 ice beasts (D:5)
  A sky beast (D:7)
  A black bear (D:7)
  An ogre (D:5)
  4 wolves
  2 phantoms
  2 centaurs
  2 kobold brigands
  2 bullfrogs (Sewer)
  Blork the orc (D:5)
  5 scorpions
  13 wights
  8 killer bees
  2 hounds
  2 jellies
  An orc priest (D:10)
  A gnoll bouda (D:7)
  5 sleepcaps
  Jessica (D:2)
  3 iguanas
  4 orc wizards
  11 adders
  5 river rats (Sewer)
  11 gnolls
  A shadow imp (D:5)
  3 worms
  A dart slug (D:2)
  39 orcs
  19 ball pythons
  10 endoplasms
  3 giant cockroaches
  27 goblins
  8 hobgoblins
  7 jackals
  6 quokkas
  9 bats
  4 frilled lizards
  18 kobolds
  21 rats
309 creatures vanquished.

Vanquished Creatures (others)
  An orc wizard (D:10)
1 creature vanquished.

Grand Total: 310 creatures vanquished

Notes
Turn   | Place    | Note
-------+----------+-------------------------------------------
     0 | D:1      | Amplified the Gnoll Fighter began the quest for the Orb.
     0 | D:1      | Reached XP level 1. HP: 23/23 MP: 1/1
   182 | D:1      | Reached XP level 2. HP: 29/29 MP: 2/2
   595 | D:1      | Found Baelilau's Jewellery Shoppe.
   812 | D:1      | Reached XP level 3. HP: 20/35 MP: 3/3
  1284 | D:2      | Reached skill level 1 in Invocations
  1410 | D:2      | Reached skill level 1 in Short Blades
  1410 | D:2      | Reached skill level 1 in Long Blades
  1410 | D:2      | Reached skill level 1 in Maces & Flails
  1410 | D:2      | Reached skill level 1 in Polearms
  1410 | D:2      | Reached skill level 1 in Staves
  1410 | D:2      | Reached skill level 1 in Ranged Weapons
  1410 | D:2      | Reached skill level 1 in Throwing
  1410 | D:2      | Reached skill level 1 in Dodging
  1410 | D:2      | Reached skill level 1 in Stealth
  1410 | D:2      | Reached skill level 1 in Unarmed Combat
  1410 | D:2      | Reached skill level 1 in Spellcasting
  1410 | D:2      | Reached skill level 1 in Evocations
  1579 | D:2      | Noticed Jessica
  1588 | D:2      | Killed Jessica
  1589 | D:2      | Reached XP level 4. HP: 33/41 MP: 5/5
  1622 | D:2      | Found a basalt altar of Yredelemnul.
  2036 | D:3      | Found a shimmering blue altar of Sif Muna.
  2057 | D:3      | Reached skill level 1 in Conjurations
  2057 | D:3      | Reached skill level 1 in Hexes
  2057 | D:3      | Reached skill level 1 in Summonings
  2057 | D:3      | Reached skill level 1 in Necromancy
  2057 | D:3      | Reached skill level 1 in Translocations
  2057 | D:3      | Reached skill level 1 in Transmutations
  2057 | D:3      | Reached skill level 1 in Fire Magic
  2057 | D:3      | Reached skill level 1 in Ice Magic
  2057 | D:3      | Reached skill level 1 in Air Magic
  2057 | D:3      | Reached skill level 1 in Earth Magic
  2057 | D:3      | Reached skill level 1 in Poison Magic
  2403 | D:3      | Found Tuucin's Magic Scroll Shop.
  2406 | D:3      | Bought a scroll of teleportation for 42 gold pieces
  2406 | D:3      | Bought a scroll of fear for 56 gold pieces
  2406 | D:3      | Bought a scroll of identify for 28 gold pieces
  2482 | D:4      | Noticed a scorpion
  2486 | D:4      | Killed a scorpion
  2487 | D:4      | Reached XP level 5. HP: 47/47 MP: 5/7
  2607 | D:4      | Learned a level 2 spell: Passwall
  2848 | D:4      | Reached XP level 6. HP: 53/53 MP: 8/8
  3122 | D:4      | Identified the +10 dagger "Kozociuth" {flame, Fragile rElec
                  | Int+3}
  3281 | D:4      | Reached skill level 5 in Axes
  3321 | D:4      | Found a shimmering altar of Xom.
  3787 | D:5      | Entered Level 5 of the Dungeon
  3844 | D:5      | Noticed a water moccasin
  3854 | D:5      | Killed a water moccasin
  3925 | D:5      | Noticed Blork the orc
  3926 | D:5      | Noticed an ice beast
  3938 | D:5      | Killed an ice beast
  3939 | D:5      | Reached XP level 7. HP: 40/60 MP: 10/10
  3941 | D:5      | Killed Blork the orc
  5049 | D:5      | Reached XP level 8. HP: 53/67 MP: 12/12
  5646 | D:6      | Noticed a kobold demonologist
  5650 | D:6      | Noticed a sun demon
  5654 | D:6      | Killed a kobold demonologist
  5665 | D:6      | Reached XP level 9. HP: 42/73 MP: 14/14
  5835 | D:6      | Noticed Pikel
  5843 | D:6      | Killed Pikel
  6047 | D:6      | Found a glowing drain.
  6057 | Sewer    | Entered a sewer
  6224 | Sewer    | Learned a level 4 spell: Dispel Undead
  6322 | Sewer    | Reached skill level 5 in Invocations
  6573 | D:7      | Found Misaro's General Store.
  6576 | D:7      | Bought a potion of heal wounds for 70 gold pieces
  6576 | D:7      | Bought a scroll of magic mapping for 105 gold pieces
  6576 | D:7      | Bought a potion of berserk rage for 70 gold pieces
  6700 | D:7      | Found a flagged portal.
  6713 | Bailey   | Entered a bailey
  6880 | Bailey   | Reached skill level 5 in Short Blades
  6880 | Bailey   | Reached skill level 5 in Long Blades
  6880 | Bailey   | Reached skill level 5 in Maces & Flails
  6880 | Bailey   | Reached skill level 5 in Polearms
  6880 | Bailey   | Reached skill level 5 in Staves
  6880 | Bailey   | Reached skill level 5 in Ranged Weapons
  6880 | Bailey   | Reached skill level 5 in Throwing
  6880 | Bailey   | Reached skill level 5 in Dodging
  6880 | Bailey   | Reached skill level 5 in Stealth
  6880 | Bailey   | Reached skill level 5 in Unarmed Combat
  6880 | Bailey   | Reached skill level 5 in Spellcasting
  6880 | Bailey   | Reached skill level 5 in Evocations
  6880 | Bailey   | Reached XP level 10. HP: 31/81 MP: 17/17
  7304 | Bailey   | Noticed an orc warlord
  7327 | Bailey   | Noticed an orc knight
  7336 | Bailey   | Killed an orc knight
  7339 | Bailey   | Noticed an orc knight
  7643 | Bailey   | Killed an orc knight
  7682 | D:7      | Reached skill level 5 in Conjurations
  7682 | D:7      | Reached skill level 5 in Hexes
  7682 | D:7      | Reached skill level 5 in Summonings
  7682 | D:7      | Reached skill level 5 in Necromancy
  7682 | D:7      | Reached skill level 5 in Translocations
  7682 | D:7      | Reached skill level 5 in Transmutations
  7682 | D:7      | Reached skill level 5 in Fire Magic
  7682 | D:7      | Reached skill level 5 in Ice Magic
  7682 | D:7      | Reached skill level 5 in Air Magic
  7682 | D:7      | Reached skill level 5 in Earth Magic
  7682 | D:7      | Reached skill level 5 in Poison Magic
  7682 | D:7      | Reached XP level 11. HP: 76/89 MP: 18/21
  7771 | D:7      | Found a sacrificial altar of Ru.
  7858 | D:7      | Found a staircase to the Ecumenical Temple.
  8103 | D:8      | Found a staircase to the Lair.
  8527 | D:8      | Noticed Grum
  8530 | D:8      | Noticed Prince Ribbit
  9140 | D:9      | Found a sparkling altar of Nemelex Xobeh.
  9373 | D:9      | Found a glowing silver altar of Zin.
  9373 | D:9      | Found an ornate altar of the Wu Jian Council.
  9665 | D:9      | Learned a level 3 spell: Mephitic Cloud
  9706 | D:10     | Entered Level 10 of the Dungeon
 10299 | D:10     | Found a runed translucent door.
 10299 | D:10     | Found a shimmering altar of Xom.
 10299 | D:10     | Noticed kskgo's ghost (journeyman DsBe)
 10300 | D:10     | Noticed a +1 halberd of chaos
 10311 | D:10     | Got the Omnibus of Shifting Rot
 10343 | D:10     | Learned a level 3 spell: Ignite Poison
 10369 | D:10     | Reached XP level 12. HP: 91/97 MP: 22/22
 10497 | D:10     | Found an iron altar of Okawaru.
 10511 | D:10     | Became a worshipper of Warmaster Okawaru
 10542 | D:10     | Noticed Fannar
 10563 | D:10     | Killed Fannar
 10683 | D:10     | Found a staircase to the Orcish Mines.
 10773 | D:10     | Found a radiant altar of Vehumet.
 11106 | D:11     | Noticed a two-headed ogre
 11119 | D:11     | Killed a two-headed ogre
 11119 | D:11     | Reached * piety under Okawaru
 11330 | D:11     | Noticed a boulder beetle
 11345 | D:11     | Noticed Maurice
 11539 | D:11     | Noticed Erolcha
 11541 | D:11     | Killed Erolcha
 11542 | D:11     | Reached skill level 10 in Fighting
 11542 | D:11     | Reached skill level 10 in Armour
 11542 | D:11     | Reached skill level 10 in Shields
 11709 | D:11     | Noticed Erica
 11718 | D:11     | Killed Erica
 11718 | D:11     | Reached ** piety under Okawaru
 11811 | D:11     | Killed Maurice
 11900 | D:11     | Noticed a two-headed ogre
 11914 | D:11     | Killed a two-headed ogre
 12158 | D:11     | Killed a boulder beetle
 12158 | D:11     | Reached *** piety under Okawaru
 12197 | D:11     | Noticed a two-headed ogre
 12206 | D:11     | Killed a two-headed ogre
 12762 | D:12     | Noticed a boulder beetle
 12814 | D:12     | Mangled by a boulder beetle

Illustrated notes

Levels and vault maps discovered:
D:1:      zaba_arrival_water, layout_basic, serial_forest,
          infiniplex_forest_straight_4, infiniplex_forest_zigzag_1,
          infiniplex_forest_corner_1, infiniplex_forest_end_2,
          infiniplex_forest_pool, infiniplex_forest_clump_curved, serial_shops,
          nicolae_shop_hallway_plus
D:2:      layout_basic, basic_altar, hangedman_decor_growths, uniq_jessica
D:3:      layout_rooms, pf_just_have_faith, serial_shops,
          nicolae_shop_window_shopping
D:4:      layout_loops_corners, tgw_xom, hangedman_minor_gate_pass
D:5:      minmay_razor_zed, layout_layer_cave, nrook_mini_backslash,
          uniq_blork_the_orc
D:6:      layout_loops_cross, mainiacjoe_overflow_chevrons,
          cheibrodos_sewer_entry_sluice, uniq_pikel
D:7:      layout_cave_pools, nicolae_ru_awakened_eye, minmay_temple_entry_grid,
          enter_bailey_3, serial_shops, kennysheep_mini_moat
D:8:      layout_gridville, dpeg_oklobed_lair, uniq_grum, uniq_prince_ribbit1
D:9:      layout_irregular_city, lemuel_tele_altar,
          gammafunk_temple_overflow_statue
D:10:     layout_gridville, okawaru_altar_gauntlet_db, general_overflow_altar,
          orc_0_dummy, ebering_ghost_xom, st_stairs_2, uniq_fannar
D:11:     layout_irregular_city, kennysheep_just_a_vault, uniq_maurice,
          uniq_erolcha, uniq_erica
D:12:     layout_stronghold, uniq_urug

Skill      XL: |  1  2  3  4  5  6  7  8  9 10 11 12 |
---------------+-------------------------------------+-----
Invocations    | 1 2 3 4 5 7 8 |  8.5
Short Blades   | 1 2 3 5 6 7 |  7.8
Long Blades    | 1 2 3 5 6 7 |  7.8
Maces & Flails | 1 2 3 5 6 7 |  7.8
Polearms       | 1 2 3 5 6 7 |  7.8
Staves         | 1 2 3 5 6 7 |  7.8
Ranged Weapons | 1 2 3 5 6 7 |  7.8
Throwing       | 1 2 3 5 6 7 |  7.8
Dodging        | 1 2 3 5 6 7 |  7.8
Stealth        | 1 2 3 5 6 7 |  7.8
Unarmed Combat | 1 2 3 5 6 7 |  7.8
Spellcasting   | 1 2 3 5 6 7 |  7.8
Evocations     | 1 2 3 5 6 7 |  7.8
Conjurations   | 1 2 3 4 5 6 |  6.4
Hexes          | 1 2 3 4 5 6 |  6.4
Summonings     | 1 2 3 4 5 6 |  6.4
Necromancy     | 1 2 3 4 5 6 |  6.4
Translocations | 1 2 3 4 5 6 |  6.4
Transmutations | 1 2 3 4 5 6 |  6.4
Fire Magic     | 1 2 3 4 5 6 |  6.4
Ice Magic      | 1 2 3 4 5 6 |  6.4
Air Magic      | 1 2 3 4 5 6 |  6.4
Earth Magic    | 1 2 3 4 5 6 |  6.4
Poison Magic   | 1 2 3 4 5 6 |  6.4
Axes           | 5 6 8 9 |  9.1
Fighting       | 7 8 9 10 | 10.2
Armour         | 7 8 9 10 | 10.2
Shields        | 7 8 9 10 | 10.2

Action                     |  1- 3 |  4- 6 |  7- 9 | 10-12 || total
---------------------------+-------+-------+-------+-------++-------
  Melee: War axe           |    45 |       |       |       ||    45
         Dagger            |    65 |   126 |   334 |   531 ||  1056
         Bite              |     8 |    12 |    31 |    77 ||   128
  Throw: Throwing net      |       |       |       |     2 ||     2
   Cast: Mephitic Cloud    |       |       |       |     5 ||     5
         Ignite Poison     |       |       |       |     3 ||     3
  Evoke: Wand              |       |       |     5 |     4 ||     9
    Use: Potion            |     1 |     1 |     2 |     8 ||    12
         Scroll            |     2 |     9 |     9 |     7 ||    27
   Stab: Sleeping          |       |       |     5 |     5 ||    10
         Distracted        |       |       |     1 |     2 ||     3
         Confused          |       |       |       |     1 ||     1
         Held in net/web   |       |       |       |     1 ||     1
 Armour: Scale mail        |    53 |    62 |    31 |       ||   146
         Robe              |       |       |    62 |    79 ||   141
  Dodge: Dodged            |    46 |    45 |   177 |   228 ||   496
  Block: Buckler           |    20 |    34 |   107 |   147 ||   308
         Kite shield       |       |       |       |     4 ||     4
